 Dungeon Sprint DCSS version 0.20.1-1-g8b1a95d (webtiles) character file.

1552 groucho the Unseen (level 8, -6/40 HPs)
             Began as a Felid Fighter on Dec 26, 2017.
             Was a Follower of Uskayaw.
             Mangled by Joseph
             ... wielding a +1 quarterstaff of freezing
              (11 damage)
             ... in the Dungeon (Sprint III: "The Ten Rune Challenge").
             The game lasted 00:11:32 (1448 turns).

groucho the Unseen (Felid Fighter)                  Turns: 1448, Time: 00:11:33

Health: -6/40      AC:  2    Str: 19    XL:     8   Next: 57%
Magic:  15/15      EV: 32    Int: 10    God:    Uskayaw [*.....]
Gold:   26         SH:  0    Dex: 20    Spells: 1/7 levels left
                                        Lives:  0   Deaths: 2

rFire    . . .     SeeInvis +     - Unarmed
rCold    . . .     Gourm    .   (shield unavailable)
rNeg     . . .     Faith    .   (armour unavailable)
rPois    +         Spirit   .   (helmet unavailable)
rElec    .         Reflect  .   (cloak unavailable)
rCorr    .         Harm     .   (gloves unavailable)
MR       +....     NoTele   +   (boots unavailable)
Stlth    ++++++++..             (no amulet)
Regen    0.2/turn               (no ring)
MPRegen  0.2/turn               (no ring)

@: mighty, lethally poisoned (-6 -> -9), slowed, slow
A: no armour, no weapons or thrown items, stealth, claws 1, fangs 3, see
invisible, agile 1, carnivore 3, speed 1, poison resistance, shaggy fur 2, slow
metabolism 1, strong 1, sharp paws
a: Stomp, Renounce Religion


You were in the Dungeon.
You worshipped Uskayaw.
Uskayaw was aware of your devotion.
You were not hungry.

You visited 1 branch You collected 26 gold pieces.

Inventory:

Scrolls
 d - a scroll of torment {unknown}
 e - 3 scrolls of identify
 g - 3 scrolls of remove curse
 h - a scroll of blinking
 j - a scroll of immolation {unknown}
Potions
 a - 2 potions of might
 c - 2 potions of mutation
 f - 2 potions of magic
 i - 3 potions of flight
Books
 l - a book of Minor Magic

   Spells                             Type                      Level
   a - Magic Dart                     Conjuration                  1
   b - Blink                          Translocation                2
   c - Call Imp                       Summoning                    2
   d - Slow                           Hexes                        2
   e - Conjure Flame                  Conjuration/Fire             3
   f - Mephitic Cloud                 Conjuration/Poison/Air       3
Miscellaneous
 m - a phantom mirror
Comestibles
 b - 2 meat rations
 n - a royal jelly


   Skills:
 + Level 7.5 Fighting
 + Level 14.4 Dodging
 + Level 18.8 Stealth
 + Level 12.0 Unarmed Combat
 + Level 8.8 Invocations


You had one spell level left.
You knew the following spells:

 Your Spells              Type           Power        Failure   Level  Hunger
a - Blink                 Tloc           N/A          50%         2    ###....
b - Magic Dart            Conj           #...         36%         1    ##.....
c - Mephitic Cloud        Conj/Pois/Air  #.......     75%         3    ####...


Dungeon Overview and Level Annotations

Branches:
Dungeon (1/1)

Altars:
Cheibriados
Dithmenos
Elyvilon
Fedhas
Gozag
Hepliaklqana
Kikubaaqudgha
Makhleb
Nemelex Xobeh
Okawaru
Qazlal
Ru
Sif Muna
Trog
Uskayaw
Vehumet
Xom
Yredelemnul
Zin
The Shining One
Beogh
Jiyva
Lugonu

Annotations:
D Joseph


Innate Abilities, Weirdness & Mutations

You cannot wear armour.
You are incapable of wielding weapons or throwing items.
Your paws allow you to move quietly. (Stealth)
You have sharp claws.
You have razor-sharp teeth.
You have supernaturally acute eyesight. (SInv)
You are carnivorous and can eat meat at any time.
You cover ground quickly.
You are covered in thick fur. (AC +2)
You have a slow metabolism.
Your sharp claws are effective at attacking unaware monsters.
You are agile. (Dex +2)
Your system is resistant to poisons. (rPois)
Your muscles are strong. (Str +2)


Message History

Joseph completely misses you.
You claw Joseph!
Joseph is moderately wounded.
You feel sick.
Joseph hits you with a +1 quarterstaff of freezing!
Joseph freezes you.
You are too injured to fight recklessly!
Unknown command.
You mangle Joseph!!
Joseph is moderately wounded.
Joseph hits you with a +1 quarterstaff of freezing!
* * * LOW HITPOINT WARNING * * *
Joseph freezes you.
* * * LOW HITPOINT WARNING * * *
Unknown command.
It was a potion of mutation.
You feel extremely strange.
You feel resistant to poisons.
You feel agile.
You feel stronger.
You feel sick. Joseph completely misses you.
Joseph hits you with a +1 quarterstaff of freezing!
You die...

#.#..#.##.###.#......#
##.#.#.##.#).##....^.#
...#..#..##.)((...^^.#
▓▓▓▓▓▓▓▓▓▓▓▓▓#..@....#
f≈≈≈...#.......#
♣P.+.......#
♣PP#(......#
♣♣♣##@########
#..@'.≈§≈≈#
#...#.≈≈≈≈#
#...#.#≈≈≈# #####.#
§≈§# .# §≈§ P# ≈≈ P# ≈
P#


You could see Joseph.

Vanquished Creatures
  Harold (D)
  Erolcha (D)
  A deep elf mage (D)
  A shadow (D)
  2 redbacks (D)
  A spatial vortex (D)
  A necrophage (D)
  5 two-headed ogres (D)
  A water elemental (D)
  A jelly (D)
  A wizard (D)
  A necromancer (D)
  A kobold demonologist (D)
  3 humans (D)
  2 oozes (D)
  A phantom (D)
  2 rats (D)
26 creatures vanquished.

Vanquished Creatures (others)
  2 draconian scorchers (D)
  6 hellions (D)
  2 yaktaurs (D)
10 creatures vanquished.

Grand Total: 36 creatures vanquished

Notes
Turn   | Place    | Note
-------+----------+-------------------------------------------
     0 | D        | groucho the Felid Fighter began the quest for the Orb.
     0 | D        | Reached XP level 1. HP: 10/10 MP: 2/2
    13 | D        | Reached skill level 3 in Stealth
    16 | D        | Reached skill level 4 in Stealth
    16 | D        | Reached XP level 2. HP: 11/14 MP: 3/3
    35 | D        | Reached skill level 5 in Unarmed Combat
    91 | D        | Reached skill level 6 in Stealth
    91 | D        | Reached XP level 3. HP: 2/17 MP: 4/4
   105 | D        | Killed a yaktaur
   122 | D        | Killed a hellion
   131 | D        | Killed a hellion
   131 | D        | Killed a hellion
   155 | D        | Killed a hellion
   159 | D        | Killed a white draconian scorcher
   171 | D        | Killed a hellion
   175 | D        | Killed a hellion
   197 | D        | Killed a white draconian scorcher
   425 | D        | Noticed a water elemental
   428 | D        | Killed a water elemental
   428 | D        | Reached skill level 8 in Stealth
   428 | D        | Reached XP level 4. HP: 21/21 MP: 5/5
   439 | D        | Found a shadowy altar of Dithmenos.
   439 | D        | Noticed a necrophage
   440 | D        | Found a basalt altar of Yredelemnul.
   440 | D        | Found a sacrificial altar of Ru.
   441 | D        | Killed a necrophage
   441 | D        | Reached skill level 10 in Stealth
   441 | D        | Reached XP level 5. HP: 24/24 MP: 6/6
   442 | D        | Reached skill level 11 in Stealth
   459 | D        | Found an iron altar of Okawaru.
   460 | D        | Found a roughly hewn altar of Beogh.
   460 | D        | Found a bloodstained altar of Trog.
   460 | D        | Found a hide-covered altar of Uskayaw.
   460 | D        | Noticed a human
   460 | D        | Noticed a human
   462 | D        | Killed a human
   462 | D        | Reached skill level 12 in Stealth
   462 | D        | Gained mutation: You are covered in thick fur. (AC +2) [Felid growth]
   462 | D        | Reached XP level 6. HP: 28/28 MP: 7/7
   463 | D        | Killed a human
   463 | D        | Reached skill level 14 in Stealth
   468 | D        | Became a worshipper of Uskayaw the Reveler
   477 | D        | Found a glowing silver altar of Zin.
   478 | D        | Found a glowing golden altar of the Shining One.
   478 | D        | Found a white marble altar of Elyvilon.
   478 | D        | Noticed a deep elf mage
   481 | D        | Reached * piety under Uskayaw
   483 | D        | Reached ** piety under Uskayaw
   484 | D        | Killed a deep elf mage
   484 | D        | Reached skill level 15 in Stealth
   484 | D        | Reached XP level 7. HP: 10/31 MP: 7/10
   714 | D        | Found a radiant altar of Vehumet.
   715 | D        | Found a deep blue altar of Sif Muna.
   715 | D        | Found an ancient bone altar of Kikubaaqudgha.
   731 | D        | Learned a level 2 spell: Blink
   733 | D        | Learned a level 1 spell: Magic Dart
   737 | D        | Learned a level 3 spell: Mephitic Cloud
   751 | D        | Noticed a shadow
   753 | D        | Killed a shadow
   753 | D        | Reached skill level 16 in Stealth
   753 | D        | Reached XP level 8. HP: 34/34 MP: 10/12
   759 | D        | Found a blossoming altar of Fedhas.
   759 | D        | Found a stormy altar of Qazlal.
   760 | D        | Found a snail-covered altar of Cheibriados.
   760 | D        | Found a burning altar of Makhleb.
   760 | D        | Found a hazy altar of Hepliaklqana.
   760 | D        | Found a shimmering altar of Xom.
   760 | D        | Found an opulent altar of Gozag.
   760 | D        | Found a sparkling altar of Nemelex Xobeh.
   760 | D        | Found a corrupted altar of Lugonu.
   760 | D        | Found a viscous altar of Jiyva.
   761 | D        | Reached skill level 10 in Unarmed Combat
   761 | D        | Reached *** piety under Uskayaw
   834 | D        | Reached skill level 5 in Invocations
   925 | D        | Noticed a two-headed ogre
   928 | D        | Killed a two-headed ogre
   928 | D        | Reached skill level 17 in Stealth
   938 | D        | Noticed a two-headed ogre
   938 | D        | Noticed Erolcha
   940 | D        | Killed a two-headed ogre
   940 | D        | Reached XP level 9. HP: 39/39 MP: 14/14
   941 | D        | Killed Erolcha
   941 | D        | Reached skill level 5 in Fighting
   952 | D        | Reached skill level 18 in Stealth
   966 | D        | Noticed a wandering mushroom
   969 | D        | Noticed Joseph
   971 | D        | Noticed Harold
   983 | D        | Killed from afar by Harold
   984 | D        | Reached XP level 8. HP: -11/38 MP: 14/14
  1123 | D        | Killed a yaktaur
  1139 | D        | Killed Harold
  1139 | D        | Reached XP level 9. HP: 8/43 MP: 10/16
  1437 | D        | HP: 2/43 [Joseph/uncursed quarterstaff of freezing (18)]
  1437 | D        | Slain by Joseph
  1438 | D        | Reached XP level 8. HP: -4/40 MP: 14/15
  1448 | D        | Gained mutation: Your system is resistant to poisons. (rPois) [potion of mutation]
  1448 | D        | Gained mutation: You are agile. (Dex +2) [potion of mutation]
  1448 | D        | Gained mutation: Your muscles are strong. (Str +2) [potion of mutation]
  1448 | D        | Mangled by Joseph

Skill      XL: |  1  2  3  4  5  6  7  8  9 |
---------------+----------------------------+-----
Stealth        | 4 6 8 10 12 15 16 17 18 | 18.8
Unarmed Combat | 5 6 7 8 9 12 11 | 12.0
Dodging        | 6 7 9 11 14 13 | 14.4
Invocations    | 3 4 8 7 |  8.8
Fighting       | 7 6 |  7.5

Action                   |  1- 3 |  4- 6 |  7- 9 || total
-------------------------+-------+-------+-------++-------
Melee: Unarmed           |    33 |     9 |    52 ||    94
       Bite              |     6 |     1 |    10 ||    17
       Punch             |       |       |     1 ||     1
 Cast: Blink             |       |       |     1 ||     1
Invok: Line Pass         |       |       |     2 ||     2
  Use: Potion            |     4 |     1 |     4 ||     9
 Stab: Sleeping          |     2 |     4 |     9 ||    15
       Paralysed         |       |       |     2 ||     2
       Confused          |       |       |     1 ||     1
  Eat: Chunk             |       |     1 |     8 ||     9
Dodge: Dodged            |    13 |       |    42 ||    55
